AoeStats
← 啊超

Arena

506410844Analyzed
3v3 RM · 18d ago on Sep 13, 2026· 46m 32s· 6 players
Game mode
Random Map
Map size
Normal (6 player)
Population
200
Speed
Normal
Resources
Standard
Victory
Conquest
Starting age
Dark Age
Ending age
Imperial Age
RankedLock teamsTeams togetherTeam positionsShared explorationLock speedFull tech treeHidden civsTurbo modeCheats
Victory
Defeat
🇹🇷 Aztecs · Türkiye
1059
+13
🇭🇰 Khmer · Hong Kong SAR China
1048
+14
🇨🇳 Burgundians · China
1047
+14
🇸🇬 Slavs · Singapore
1043
-15
🇸🇬 Franks · Singapore
1042
-15
🇸🇬 Romans · Singapore
926
-11
啊超
11:06 Feudal Age
15:47 Castle Age
14:31 Double-Bit Axe
17:38 Horse Collar
26:59 Loom
30:47 Imperial Age
29:01 Forging
28:57 Scale Barding Armor
29:19 Gold Mining
29:31 Husbandry
28:53 Cavalier
30:22 Iron Casting
29:47 Stone Mining
31:33 Iron Casting
31:20 Chain Barding Armor
30:53 Fletching
31:03 Padded Archer Armor
30:26 Elite Skirmisher
31:41 Paladin
34:20 Bodkin Arrow
34:41 Leather Archer Armor
35:31 Chemistry
37:00 Blast Furnace
37:16 Burgundian Vineyards
38:56 Bow Saw
paultse
10:25 Feudal Age
8:40 Loom
13:57 Castle Age
12:29 Double-Bit Axe
16:59 Bow Saw
19:27 Horse Collar
21:09 Heavy Plow
21:10 Stone Mining
21:59 Gold Mining
24:16 Wheelbarrow
24:46 Gold Shaft Mining
25:35 Fletching
25:11 Pikeman
29:48 Imperial Age
27:06 Town Watch
27:46 Hand Cart
27:38 Arson
28:18 Scale Mail Armor
28:29 Forging
29:20 Bodkin Arrow
29:41 Chain Mail Armor
30:30 Ballistics
31:37 Halberdier
33:33 Chemistry
33:22 Iron Casting
32:16 Heavy Scorpion
33:23 Elite Skirmisher
34:29 Double Crossbow
39:18 Blast Furnace
38:18 Padded Archer Armor
38:19 Bracer
38:17 Murder Holes
39:07 Stone Shaft Mining
39:15 Crop Rotation
38:47 Town Patrol
39:02 Bloodlines
38:53 Husbandry
41:30 Leather Archer Armor
40:41 Cavalier
40:47 Capped Ram
41:38 Onager
42:46 Scale Barding Armor
43:12 Ring Archer Armor
42:11 Elite Ballista Elephant
45:59 Chain Barding Armor
45:54 Caravan
45:51 Heated Shot
46:12 Fortified Wall
46:09 Siege Engineers
46:15 Masonry
46:08 Tusk Swords
Quaresma
11:43 Feudal Age
15:59 Castle Age
13:52 Horse Collar
14:20 Double-Bit Axe
14:55 Gold Mining
18:53 Sanctity
19:33 Loom
20:24 Wheelbarrow
19:35 Town Watch
21:16 Eagle Warrior
23:38 Heavy Plow
27:29 Stone Mining
27:58 Scale Mail Armor
28:08 Forging
29:07 Town Patrol
32:41 Pikeman
33:22 Squires
36:37 Chain Mail Armor
36:58 Iron Casting
41:59 Man-at-Arms
42:25 Gambesons
Basileus Masterbrand
10:57 Feudal Age
15:11 Castle Age
13:02 Double-Bit Axe
14:39 Horse Collar
18:51 Bow Saw
20:34 Stone Mining
21:29 Heavy Plow
21:22 Gold Mining
23:34 Forging
24:28 Scale Mail Armor
25:23 Pikeman
26:26 Fletching
28:12 Iron Casting
27:52 Squires
28:54 Gold Shaft Mining
27:46 Man-at-Arms
29:05 Scale Barding Armor
28:51 Elite Skirmisher
30:25 Chain Mail Armor
33:56 Imperial Age
31:51 Detinets
31:25 Long Swordsman
34:20 Chain Barding Armor
34:41 Ballistics
34:25 Bodkin Arrow
36:05 Two-Man Saw
35:36 Crop Rotation
34:34 Capped Ram
35:54 Siege Ram
36:13 Two-Handed Swordsman
39:20 Chemistry
39:21 Conscription
38:47 Halberdier
45:23 Blast Furnace
44:26 Elite Boyar
ThawThaw
10:26 Feudal Age
11:45 Double-Bit Axe
18:00 Castle Age
16:59 Horse Collar
20:00 Bow Saw
20:52 Heavy Plow
20:56 Stone Mining
24:45 Wheelbarrow
30:42 Imperial Age
30:23 Ballistics
30:32 Husbandry
30:47 Bloodlines
31:55 Hand Cart
31:17 Cavalier
36:32 Ballistas
၁၂/တန်းရှီ
10:52 Feudal Age
14:45 Castle Age
14:03 Double-Bit Axe
15:55 Bow Saw
17:05 Wheelbarrow
20:57 Hand Cart
21:36 Gold Mining
23:06 Forging
24:06 Gold Shaft Mining
24:02 Husbandry
24:42 Iron Casting
25:11 Scale Barding Armor
28:13 Chain Barding Armor
28:01 Stone Mining
31:10 Imperial Age
28:59 Devotion
29:06 Husbandry
29:50 Town Watch
30:47 Coinage
32:58 Blast Furnace
32:34 Plate Barding Armor
31:36 Cavalier
34:30 Paladin
38:00 Light Cavalry
Connection lost

Rejoining the realm…

Still unreachable

The connection could not be restored.

Session expired

The server has moved on; the page needs a fresh start.